 Dungeon Crawl Stone Soup version 0.24.0-123-gd5b16e6ec5 (webtiles) character file.

Game seed: 8781120697734261211, levelgen mode: deterministic

34 1994 the Skirmisher (level 3, 0/31 HPs)
             Began as a Centaur Chaos Knight on Feb 2, 2020.
             Was a Plaything of Xom.
             Shot with an arrow by a centaur (12 damage)
             ... on level 2 of the Dungeon.
             The game lasted 00:01:27 (798 turns).

1994 the Skirmisher (Centaur Chaos Knight)           Turns: 798, Time: 00:01:28

Health: 0/31       AC:  6    Str: 14    XL:     3   Next: 14%
Magic:  3/3        EV:  9    Int: 12    God:    Xom [......]
Gold:   27         SH:  0    Dex:  8    Spells: 2/2 levels left

rFire    . . .     SeeInvis .   a - +0 spear (chaos)
rCold    . . .     Gourm    .   (no shield)
rNeg     . . .     Faith    .   b - +2 leather armour
rPois    .         Spirit   .   (helmet restricted)
rElec    .         Reflect  .   (no cloak)
rCorr    .         Harm     .   (no gloves)
MR       .....                  (no barding)
Stlth    ..........             (no amulet)
HPRegen  0.10/turn              (no ring)
MPRegen  0.08/turn              (no ring)

@: lethally poisoned (0 -> -1), drained, very quick
A: large, antennae 1, hooves 3, deformed body, speed 2, tough skin 3
a: Renounce Religion


You were on level 2 of the Dungeon.
You worshipped Xom.
You were a very special plaything of Xom.
You were not hungry.

You visited 1 branch of the dungeon, and saw 2 of its levels.

You collected 27 gold pieces.

Inventory:

Hand Weapons
 a - a +0 spear of chaos (weapon)
Missiles
 k - 73 stones (quivered)
Armour
 b - a +2 leather armour (worn)
Jewellery
 l - an uncursed ring of see invisible {unknown}
 n - an uncursed ring of wizardry {unknown}
Scrolls
 d - a scroll of identify {unknown}
 g - 4 scrolls of remove curse {unknown}
 h - a scroll of random uselessness {unknown}
 i - a scroll of teleportation {unknown}
Potions
 e - a potion of invisibility {unknown}
 j - a potion of lignification {unknown}
 m - 3 potions of haste {unknown}
Comestibles
 c - 2 rations
 f - a chunk of flesh


   Skills:
 + Level 3.3(2.3) Fighting
 * Level 3.3(2.3) Polearms
 - Level 1.3(0.4) Armour
 + Level 1.2(0.3) Dodging


You had 2 spell levels left.
You didn't know any spells.
Your spell library was empty.

Dungeon Overview and Level Annotations

Branches:
Dungeon (2/15)

Altars:


Innate Abilities, Weirdness & Mutations

You have hooves in place of feet.
Armour fits poorly on your strangely shaped body.
You cover ground very quickly.
You have extremely tough skin. (AC +3)
You have a pair of small antennae on your head.


Message History

You feel sick.
Attack whom?
Press: ? - help, Dir - move target cursor, f - rat
Aim: a rat You reach to attack!
You hit the rat but do no damage.
The rat is poisoned.
A centaur comes into view.
The centaur shouts!
You hit the rat. You burn the rat.
You kill the rat!
The centaur wields a +0 shortbow.
The centaur shoots an arrow.
The arrow hits you!
You are too injured to fight recklessly!
You are too injured to fight recklessly!
You are too injured to fight recklessly!
Unknown command.
The centaur shoots an arrow.
The arrow hits you but does no damage.
You feel sick.
The centaur shoots an arrow.
The arrow hits you!
You die...
Xom titters!

#. . .#.#... .
c#.#... .####
...... #... ....# #
##.# ##.#..###
#.#<.######c.......
#.#...@....†.......
#....###.##(###
###..###.#....#
#.......÷.###.##
#.#..##..........
#.#...#.....#.###
#.......#..##
##.##...#..#
#.#.......#


You could see a centaur.

Vanquished Creatures
  An adder (D:2)
  2 oozes (D:1)
  2 leopard geckos (D:1)
  3 goblins (D:1)
  2 hobgoblins (D:1)
  A frilled lizard (D:1)
  3 kobolds (D:1)
  2 rats
16 creatures vanquished.

Notes
Turn   | Place    | Note
-------+----------+-------------------------------------------
     0 | D:1      | 1994 the Centaur Chaos Knight began the quest for the Orb.
     0 | D:1      | Reached XP level 1. HP: 19/19 MP: 1/1
    58 | D:1      | XOM: harmless Ice miscast
    84 | D:1      | Reached skill level 1 in Dodging
    84 | D:1      | Reached XP level 2. HP: 18/26 MP: 2/2
   190 | D:1      | XOM: silly message
   416 | D:1      | XOM: harmless Pois miscast
   616 | D:1      | XOM: give mutation
   616 | D:1      | Gained mutation: You have a pair of small antennae on your
                  | head. [Xom's mischief]
   680 | D:1      | XOM: draining
   751 | D:2      | XOM: noise
   776 | D:2      | Reached XP level 3. HP: 23/31 MP: 3/3
   791 | D:2      | Noticed a centaur
   798 | D:2      | Shot with an arrow by a centaur

Levels and vault maps discovered:
D:1:      matt_arrival_diagonals, layout_basic
D:2:      layout_basic, nemelex_xobeh_ov_fountains_minmay, first_ration,
          minmay_misc_feat_rows, minmay_door_square

Skill      XL: |  1 |
---------------+----+-----
Polearms       | 3 |  3.3
Dodging        | 1 |  1.2
Fighting       | |  3.3
Armour         | |  1.3

Action                   || total
-------------------------++-------
Melee: Spear             ||    48
       Kick              ||     7
Armor: Leather armour    ||    15
Dodge: Dodged            ||    15
